 Dungeon Crawl Stone Soup version 0.28-b1-1-g3c77fb2ed1 (webtiles) character file.

Game seed: 3898216188053590561

1743 cbfl8 the Covered (level 8, -1/71 HPs)
             Began as a Minotaur Delver on Jan 30, 2022.
             Was an Initiate of Ashenzari.
             Slain by Pikel (3 damage)
             ... on level 6 of the Dungeon.
             The game lasted 00:21:25 (6818 turns).

cbfl8 the Covered (Minotaur Delver)                 Turns: 6818, Time: 00:21:26

Health: -1/71      AC: 11    Str: 18      XL:     8   Next: 77%
Magic:  16/16      EV:  8    Int:  6 (7)  God:    Ashenzari [......]
Gold:   246        SH:  0    Dex: 13      Spells: 7/7 levels left

rFire   x . .      SeeInvis .   o - +5 short sword
rCold   + . .      Faith    .   (no shield)
rNeg    . . .      Spirit   .   i - +0 chain mail
rPois   .          Reflect  .   (helmet restricted)
rElec   .          Harm     .   (no cloak)
rCorr   .          Rampage  .   (no gloves)
Will    .....                   t - +0 pair of boots
Stlth   ..........              l - amulet of the acrobat
HPRegen 0.21/turn               f - ring of magical power
MPRegen 0.15/turn               H - ring of ice

@: studying Dodging
A: horns 2, retaliatory headbutt
a: Renounce Religion


You were on level 6 of the Dungeon.
You worshipped Ashenzari.
Ashenzari was noncommittal.
You visited 2 branches of the dungeon, and saw 7 of its levels.

You collected 246 gold pieces.

Inventory:

Hand Weapons
 a - a +0 hand axe
 o - a +5 short sword (weapon)
 r - a +1 dagger of speed
 D - a +2 vampiric dagger
 E - a +3 mace
Armour
 b - a +0 leather armour
 i - a +0 chain mail (worn)
 t - a +0 pair of boots (worn)
 u - a +0 plate armour
Jewellery
 f - a ring of magical power (left hand)
 l - an amulet of the acrobat (around neck)
 m - an amulet of magic regeneration
 H - a ring of ice (right hand)
Wands
 g - a wand of digging (3)
 v - a wand of polymorph (6)
 C - a wand of flame (48)
 I - a wand of iceblast (13)
Scrolls
 c - 2 scrolls of fog
 d - a scroll of magic mapping
 e - 2 scrolls of fear
 h - a scroll of teleportation
 k - 8 scrolls of identify {unknown}
 q - a scroll of brand weapon {unknown}
 s - 2 scrolls of immolation
 w - a scroll of torment {unknown}
 x - a scroll of blinking {unknown}
 y - a scroll of vulnerability {unknown}
 z - a scroll of amnesia {unknown}
 A - a scroll of summoning {unknown}
 B - a scroll of noise {unknown}
 G - a scroll of holy word {unknown}
Potions
 j - a potion of attraction {unknown}
 n - a potion of heal wounds {unknown}
 p - 2 potions of degeneration
 F - a potion of lignification {unknown}


   Skills:
 + Level 6.4 Fighting
 + Level 6.8 Short Blades
 + Level 4.4 Axes
 + Level 7.1 Armour
 + Level 3.5 Dodging
 + Level 5.3 Stealth


You had 7 spell levels left.
You didn't know any spells.
Your spell library contained the following spells:

 Spells                   Type           Power      Damage    Failure   Level
 Sting                    Tmut/Pois      0%         1d3       99%         1
 Poisonous Vapours        Pois/Air       0%         N/A       100%        2
 Frozen Ramparts          Ice            0%         1d2       100%        3
 Ice Form                 Ice/Tmut       0%         N/A       100%        4
 Olgreb's Toxic Radiance  Pois           0%         N/A       100%        4
 Summon Ice Beast         Ice/Summ       0%         N/A       100%        4


Dungeon Overview and Level Annotations

Branches:
Dungeon (6/15)             Temple (1/1) D:5

Altars:
Ashenzari
Cheibriados
Dithmenos
Elyvilon
Fedhas
Gozag
Hepliaklqana
Kikubaaqudgha
Nemelex Xobeh
Qazlal
Ru
Sif Muna
Trog
Uskayaw
Xom
Jiyva

Annotations:
D:6 Pikel


Innate Abilities, Weirdness & Mutations

You have a pair of horns on your head.
You reflexively headbutt those who attack you in melee.


Message History

Pikel hits you with a +0 whip of freezing!
Pikel freezes you.
You hit Pikel.
Pikel is lightly wounded.
Pikel zaps a wand.
Your mind is blasted!
* * * LOW HITPOINT WARNING * * *
You closely miss Pikel.
Pikel is lightly wounded.
Pikel barely misses you.
You closely miss Pikel. You headbutt Pikel, but do no damage.
Pikel is lightly wounded.
You closely miss Pikel.
Pikel is lightly wounded.
Pikel zaps a wand.
You struggle to resist.
You closely miss Pikel. Your headbutt misses Pikel.
Pikel is lightly wounded.
Pikel hits you with a +0 whip of freezing!
* * * LOW HITPOINT WARNING * * *
Pikel freezes you.
* * * LOW HITPOINT WARNING * * *
You barely miss Pikel. Your headbutt misses Pikel.
Pikel hits you with a +0 whip of freezing.
* * * LOW HITPOINT WARNING * * *
Pikel freezes you.
* * * LOW HITPOINT WARNING * * *
You closely miss Pikel. You hit Pikel but do no damage.
Pikel hits you but does no damage.
You hit Pikel. You headbutt Pikel.
Pikel is moderately wounded.
Pikel hits you with a +0 whip of freezing.
* * * LOW HITPOINT WARNING * * *
You puncture Pikel!
Pikel is heavily wounded.
Pikel hits you but does no damage.
You hit Pikel but do no damage.
Pikel is heavily wounded.
You closely miss Pikel. You headbutt Pikel, but do no damage.
Pikel is heavily wounded.
Pikel hits you with a +0 whip of freezing.
You die...

####....###########.....# #.####
....................##### #.#
######..###########.########[####
.########b...≈≈...#.....<..[....#
......###≈.≈.≈≈≈..##########.##.#
#.......#≈.≈≈≈≈≈≈≈##########.##..
#....##############.......[...[.#
#..5.......##.5##.........#.###..
#....####....55K@.........#.# ##[
#....# ###[######...........# #[
###### #...# #......)...#####)
########.### ##########.# #...
.........# #.###.## ###......#
##.##.[.# #^.####.#### #..#.....
##.## #....# #.#...... ...#
####.## ########.


You could see Pikel and 3 lemures.

Vanquished Creatures
  Eustachio (D:5)
  Duvessa (D:6)
  2 black bears (D:6)
  An ice beast (D:5)
  2 necrophages
  A lemure (D:6)
  A gnoll sergeant (D:5)
  4 scorpions
  A wyvern skeleton (D:6)
  A water moccasin zombie (D:6)
  Dowan (D:6)
  3 wights (D:6)
  A jelly (D:6)
  3 hounds
  An orc priest (D:6)
  2 iguanas
  An orc wizard (D:5)
  A killer bee zombie (D:6)
  2 hound skeletons
  A howler monkey zombie (D:5)
  8 adders
  A shadow imp (D:5)
  A white imp (D:6)
  A worm (D:2)
  3 dart slugs
  8 orcs (D:6)
  7 ball pythons
  8 endoplasms
  3 giant cockroaches
  15 goblins
  9 hobgoblins
  4 jackals (D:5)
  4 quokkas
  4 bats
  2 frilled lizards
  5 kobolds
  5 rats
119 creatures vanquished.

Vanquished Creatures (others)
  9 fungi (D:6)
9 creatures vanquished.

Grand Total: 128 creatures vanquished

Notes
Turn   | Place    | Note
-------+----------+-------------------------------------------
     0 | D:5      | cbfl8 the Minotaur Delver began the quest for the Orb.
     0 | D:5      | Reached XP level 1. HP: 19/19 MP: 0/0
   164 | D:4      | Reached XP level 2. HP: 18/27 MP: 1/1
   320 | D:4      | Reached XP level 3. HP: 31/33 MP: 2/2
   341 | D:4      | Found a blossoming altar of Fedhas.
   351 | D:4      | Found a sacrificial altar of Ru.
   352 | D:4      | Found a shadowy altar of Dithmenos.
   353 | D:4      | Found an opulent altar of Gozag.
   455 | D:3      | Found a glowing silver altar of Zin.
   457 | D:3      | Found a basalt altar of Yredelemnul.
   457 | D:3      | Found a shimmering altar of Xom.
   459 | D:3      | Found a stormy altar of Qazlal.
   459 | D:3      | Found a broken altar of Ashenzari.
   459 | D:3      | Found a snail-covered altar of Cheibriados.
   525 | D:3      | Found a shimmering blue altar of Sif Muna.
   609 | D:3      | Reached skill level 5 in Stealth
   835 | D:2      | Reached XP level 4. HP: 36/40 MP: 3/3
  2061 | D:2      | Reached XP level 5. HP: 45/46 MP: 4/4
  2347 | D:3      | Found a faded altar of an unknown god.
  2569 | D:3      | Reached skill level 1 in Armour
  3088 | D:4      | Reached skill level 1 in Short Blades
  3310 | D:4      | Reached skill level 2 in Armour
  3310 | D:4      | Reached XP level 6. HP: 53/53 MP: 5/5
  3657 | D:4      | Reached skill level 3 in Armour
  3811 | D:5      | Noticed Eustachio
  3829 | D:5      | Killed Eustachio
  3830 | D:5      | Reached skill level 5 in Fighting
  3830 | D:5      | Reached XP level 7. HP: 10/61 MP: 6/6
  4182 | D:5      | Reached skill level 4 in Armour
  4253 | D:5      | Found a staircase to the Ecumenical Temple.
  4276 | Temple   | Entered the Ecumenical Temple
  4458 | Temple   | Became a worshipper of Ashenzari the Shackled
  5074 | D:6      | Reached skill level 5 in Armour
  5085 | D:6      | Reached skill level 5 in Short Blades
  5085 | D:6      | Reached XP level 8. HP: 31/69 MP: 7/7
  5327 | D:6      | Noticed Duvessa
  5329 | D:6      | Noticed Dowan
  5346 | D:6      | Killed Duvessa
  5347 | D:6      | Reached skill level 6 in Armour
  5354 | D:6      | Killed Dowan
  5545 | D:6      | Noticed a two-headed ogre
  6093 | D:6      | Noticed Pikel
  6523 | D:6      | Reached skill level 7 in Armour
  6812 | D:6      | HP: 3/71 [Pikel (4)]
  6815 | D:6      | HP: 1/71 [Pikel (1)]
  6818 | D:6      | Slain by Pikel

Illustrated notes

Levels and vault maps discovered:
D:1:      lightli_arrival_boilingwater, layout_loops_cross, serial_glass,
          glass_columns_a, glass_columns_a
D:2:      layout_loops_ring, chequers_serial_rivers_room_b, chequers_avenue,
          minmay_goblin_outpost
D:3:      layout_basic, nicolae_sif_muna_condensation, doesnt_xom_only_xom,
          hellmonk_ecumenical_altar_blasted
D:4:      layout_cave_pods, minitemple
D:5:      layout_cave_pools, minmay_temple_entry_drinking_statues,
          uniq_eustachio
D:6:      layout_rooms, serial_aquarium, aquarium_bridge_straight
          [aquarium_subvault_bridge, aquarium_subvault_window,
          aquarium_subvault_bridge, aquarium_subvault_wall],
          aquarium_bridge_square [aquarium_subvault_bridge,
          aquarium_subvault_bridge, aquarium_subvault_bridge,
          aquarium_subvault_wall], aquarium_window_fake,
          aquarium_window_corridor_2, aquarium_window_fake,
          aquarium_window_double, aquarium_view_2g, minmay_manual_mess,
          uniq_pikel, uniq_duvessa
Temple:   pf_slime_end_temple

Skill      XL: |  1  2  3  4  5  6  7  8 |
---------------+-------------------------+-----
Stealth        | 5 |  5.3
Fighting       | 4 5 6 |  6.4
Axes           | 3 4 |  4.4
Armour         | 2 3 5 7 |  7.1
Short Blades   | 1 3 5 6 |  6.8
Dodging        | 3 |  3.5

Action                   |  1- 3 |  4- 6 |  7- 9 || total
-------------------------+-------+-------+-------++-------
Melee: Hand axe          |    36 |    40 |       ||    76
       Headbutt          |     7 |    25 |    32 ||    64
       Punch             |     1 |     2 |     3 ||     6
       Short sword       |       |    98 |   187 ||   285
  Use: Potion            |       |       |     4 ||     4
       Scroll            |       |       |     3 ||     3
Armor: Chain mail        |    25 |   132 |    78 ||   235
Dodge: Dodged            |    21 |   115 |   110 ||   246
